groovejumper, neutral female human Wizard --------------- |.........%....)#### |<............| @ |.............| @ |.............+ # ---.-+--------- # # # # # ############## # # # # # -|------ # |.......#### |......|### # |.......#### |......| -------- groovejumper the Thaumaturge Experience level: 7 Strength: 8 Dexterity: 14 Constitution: 16 Intelligence: 17 Wisdom: 11 Charisma: 8 Health: 0(57) Energy: 3(66) AC: 9 Gold: 379 Moves: 1779 Your Inventory: Coins $ - 379 gold pieces Weapons a - a blessed +1 quarterstaff (weapon in hands) Armor b - a blessed +0 cloak of magic resistance (being worn) Comestibles n - 2 [uncursed] lichen corpses q - 6 [uncursed] food rations t - an [uncursed] fortune cookie u - an [uncursed] avacado x - an [uncursed] tripe ration y - an [uncursed] tin [of raven meat] z - an [uncursed] lizard corpse A - an [uncursed] carrot Scrolls h - an uncursed scroll of food detection i - 2 uncursed scrolls of remove curse j - 2 uncursed scrolls of identify r - a [blessed] scroll labeled HAPAX LEGOMENON [of enchant weapon] v - a [blessed] scroll of identify Spellbooks k - a blessed spellbook of force bolt l - an uncursed spellbook of clairvoyance o - an [uncursed] spellbook of haste self s - an [uncursed] spellbook of light Potions f - an uncursed potion of extra healing g - an uncursed potion of water w - an [uncursed] indigo potion [of fruit juice] Rings d - a blessed +1 ring of gain intelligence e - an uncursed ring of sustain ability Wands c - an uncursed wand of teleportation (0:6) Tools m - an uncursed magic marker (0:49) p - an [uncursed] key [skeleton key] Spells known in the end: Name Level Category Fail Memory a - force bolt 1 attack 0% [||||||||] b - clairvoyance 3 divination 85% [||||||||] c - haste self 3 escape 85% [||||||||] d - light 1 divination 0% [||||||||] Your skills at the end: Fighting Skills Weapon Skills quarterstaff [Basic / Expert] Spellcasting Skills attack spells [Basic / Expert] enchantment spells [Basic / Skilled] Final Attributes: You were fervently aligned. Hunger level was 257. Your alignment was 13 / 18. Monster difficulty range was 1 - 7. Level difficulty was 7. You were magic-protected. You were unlucky (-2). You are dead. Vanquished creatures: a leprechaun a black light a lizard a dust vortex 3 human zombies 3 fire ants a bugbear a wood nymph a mountain nymph 5 Uruk-hai a fog cloud 2 yellow lights a little dog a floating eye a kitten a homunculus 7 dwarf zombies 3 coyotes a hobbit 2 cave spiders a yellow mold 8 jackals a fox 2 kobolds a goblin 2 grid bugs 2 lichens a kobold zombie 56 creatures vanquished. Voluntary challenges: You were an atheist. You used a wielded weapon 41 times. You read items or engraved 5 times. You put on armor 1 time. You never genocided any monsters. You never polymorphed an object. You never changed form. You used no wishes. You wrote Elbereth's name 2 times. You never encountered a bones level. You never used any Sokoban shortcuts. Dungeon overview: The Dungeons of Doom: levels 1 to 7 Level 1 a fountain a long staircase Level 2 a fountain a long staircase Level 5 a fountain, a sink Level 7 <- You were here History has recorded: On T:1 you entered the Dungeons of Doom to retrieve the Amulet of Yendor! On T:208 you reached level 2 of The Dungeons of Doom. On T:263 you advanced to experience level 2. On T:476 you reached level 3 of The Dungeons of Doom. On T:496 you advanced to experience level 3. On T:521 you advanced to experience level 4. On T:689 you reached level 4 of The Dungeons of Doom. On T:779 you advanced to experience level 5. On T:900 you reached level 5 of The Dungeons of Doom. On T:1224 you advanced to experience level 6. On T:1256 you reached level 6 of The Dungeons of Doom. On T:1328 you advanced to experience level 7. On T:1620 you reached level 7 of The Dungeons of Doom. Latest messages: The carafe crashes on your head and breaks into shards. This burns! [HP-2=24] You don't have enough energy to cast that spell. It is hit! You write "Elbereth" with your fingers into the dust. [HP+1=25] You hit the Green-elf. The Green-elf thrusts his runed dagger. The Green-elf hits! [HP-11=14] You hit the Green-elf! The Green-elf turns to flee! The Green-elf wields a runed spear! You hit the Green-elf. You are hit by a runed spear! [HP-8=6] You hit the Green-elf. The Green-elf hits! You die... Final status: Goodbye groovejumper the Wizard... You died in The Dungeons of Doom on dungeon level 7 with 3410 points, and 379 pieces of gold, after 1779 moves. You were level 7 with a maximum of 57 hit points when you died.